 Dungeon Crawl Stone Soup version 0.30-a0-949-g53dc5368d7 (webtiles) character file.

Game seed: 10834874839681253850

680 Dracologan24 the Grave Robber (level 7, -10/46 HPs)
             Began as a Demonspawn Necromancer on Mar 27, 2023.
             Killed from afar by a steam dragon (24 damage)
             ... with a ball of steam
             ... on level 4 of the Dungeon.
             The game lasted 00:39:53 (5426 turns).

Dracologan24 the Grave Robber (DsNe)                Turns: 5426, Time: 00:39:54

Health: -10/46     AC:  5    Str:  8    XL:     7   Next: 34%
Magic:  10/14      EV: 11    Int: 18    God:
Gold:   269        SH:  0    Dex: 14    Spells: 6/15 levels left

rFire   x . .      SeeInvis .    d - +3 hand axe (venom)
rCold   + + +      Faith    .    (no shield)
rNeg    . . .      Spirit   .    v - +0 leather armour of Zatyhaw {rF- rC+++ Will- Regen+}
rPois   .          Reflect  .    (no helmet)
rElec   .          Rampage  .    (no cloak)
rCorr   .                        (no gloves)
Will    .....                    (no boots)
Stlth   ++                       w - amulet of the acrobat
HPRegen 1.07/turn                (no ring)
MPRegen 0.14/turn                (no ring)

@: animating dead (expiring)
A: thin metallic scales 1, spiny 1, weakness stinger 1
a: no special abilities


You were on level 4 of the Dungeon.
You visited 1 branch of the dungeon, and saw 4 of its levels.

You collected 269 gold pieces.

Inventory:

Hand Weapons
 d - a +3 hand axe of venom (weapon)
 m - a +0 falchion
 u - a +0 scythe
Missiles
 c - 39 stones
 i - 11 poisoned darts
Armour
 a - a +1 robe
 h - a +0 leather armour
 v - the +0 leather armour of Zatyhaw (worn) {rF- rC+++ Will- Regen+}
   (You found it on level 3 of the Dungeon)

   rF:        It makes you vulnerable to fire.
   rC:        It renders you almost immune to cold.
   Regen:     It increases your rate of health regeneration.
   Will:      It decreases your willpower.
Jewellery
 w - an amulet of the acrobat (around neck)
Wands
 s - a wand of roots (10)
Scrolls
 e - a scroll of vulnerability {unknown}
 f - a scroll of amnesia {unknown}
 o - 3 scrolls of teleportation {unknown}
 r - 4 scrolls of brand weapon {unknown}
 t - a scroll of silence {unknown}
Potions
 b - a potion of magic
 g - a potion of resistance {unknown}
 j - 2 potions of ambrosia {unknown}
 k - a potion of brilliance {unknown}
 l - 5 potions of curing {unknown}
 n - 3 potions of mutation {unknown}
 p - a potion of degeneration {unknown}
 q - a potion of lignification {unknown}


   Skills:
 + Level 0.1 Fighting
 + Level 0.5 Axes
 + Level 0.4 Armour
 + Level 1.9 Dodging
 + Level 2.2 Stealth
 + Level 4.9 Spellcasting
 * Level 7.9 Necromancy


You had 6 spell levels left.
You knew the following spells:

 Your Spells              Type           Power      Damage    Failure   Level
a - Necrotise             Necr           100%       1d9       1%          1
b - Freeze                Ice            16%        1d4       19%         1
c - Vampiric Draining     Necr           32%        2d8       2%          3
d - Animate Dead          Necr           32%        N/A       8%          4

Your spell library contained the following spells:

 Spells                   Type           Power      Damage    Failure   Level
 Agony                    Necr           32%        N/A       21%         5
 Frozen Ramparts          Ice            8%         1d2       50%         3
 Hailstorm                Conj/Ice       4%         3d4       50%         3


Dungeon Overview and Level Annotations

Branches:
Dungeon (4/15)             Temple (0/1) D:4

Altars:
Ashenzari
Uskayaw


Innate Abilities, Weirdness & Mutations

You are partially covered in thin metallic scales. (AC +2)
You are partially covered in sharp spines.
You have a small tail.


Message History

You see here a hobgoblin skeleton.
You open the door.
There is an open door here.
Your reaping aura is weakening.
There is an open door here.
Your reaping aura expires.
Magic restored.
You see here a hobgoblin skeleton.
Okay, then.
Casting: Animate Dead (quite dangerous; 8% risk of failure)
Press: ? - help, Q - select action, (/) - cycle Dir - look around, f - activate You call upon the dead to rise.
A steam dragon comes into view.
Found a staircase to the Ecumenical Temple.
The steam dragon hisses angrily.
Aiming: Necrotise (safe; 1% risk of failure)
Press: ? - help, Q - select action, (/) - cycle Shift-Dir - straight line, f - steam dragon
Aim: a steam dragon (chance to affect: 83%)
The steam dragon writhes in agony.
The steam dragon breathes steam at you. The ball of steam hits you!!
The steam scalds you terribly!
Ouch! That really hurt!
You hear an angry hiss.
Aiming: Necrotise (safe; 1% risk of failure)
Press: ? - help, Q - select action, (/) - cycle Shift-Dir - straight line Nothing appears to happen.
You are engulfed in a cloud of scalding steam.
* * * LOW HITPOINT WARNING * * *
The steam dragon breathes steam at you. The ball of steam misses you.
Your reaping aura is weakening.
A steam dragon is nearby!
Aiming: Necrotise (safe; 1% risk of failure)
Press: ? - help, Q - select action, (/) - cycle Shift-Dir - straight line, f - steam dragon
Aim: a steam dragon (lightly wounded, chance to affect: 83%)
The steam dragon writhes in agony.
The steam dragon breathes steam at you. The ball of steam hits you!!
The steam scalds you terribly!
Ouch! That really hurt!
You die...

#......#....##........#.....#....
....##'####........#.....#....
#..............#.....#....
#..............#.....#....
+....###'###...##÷...#....
#....##...##...##....#...) ###
#....##..............#....
...########............).#....
...........§§@÷).........#....
.......§D##...#######....)....
.......§§##...#.....####+#....
#####.....#...#...............
#...§.#...#...............
......§.D.#...#...............
......§...#...'...............
..........#...#...............
...#.....##...#..........†.<..


There were no monsters in sight!

Vanquished Creatures
  Sigmund (D:3)
  2 jellies (D:4)
  An orc priest (D:4)
  An iguana (D:4)
  A sleepcap (D:4)
  Jessica (D:2)
  Terence (D:3)
  2 orc wizards (D:4)
  9 gnolls (D:3)
  4 adders
  An ufetubus (D:4)
  3 worms
  4 dart slugs
  4 orcs (D:4)
  8 endoplasms
  3 giant cockroaches
  24 goblins
  30 hobgoblins
  2 jackals (D:1)
  A quokka (D:2)
  4 ball pythons
  8 bats
  6 frilled lizards
  4 kobolds
  2 rats (D:2)
127 creatures vanquished.

Vanquished Creatures (collateral kills)
  5 goblins (D:3)
  A ball python (D:1)
  2 rats
8 creatures vanquished.

Vanquished Creatures (others)
  13 plants (D:2)
13 creatures vanquished.

Grand Total: 148 creatures vanquished

Notes
Turn   | Place    | Note
-------+----------+-------------------------------------------
     0 | D:1      | Dracologan24 the Demonspawn Necromancer began the quest for
                  | the Orb.
     0 | D:1      | Reached XP level 1. HP: 13/13 MP: 3/3
   229 | D:1      | Gained mutation: You are partially covered in sharp spines.
                  | [demonic ancestry]
   229 | D:1      | Reached XP level 2. HP: 19/19 MP: 3/5
   362 | D:1      | Reached skill level 5 in Necromancy
  1116 | D:2      | Reached XP level 3. HP: 24/24 MP: 2/6
  1981 | D:2      | Noticed Jessica
  1986 | D:2      | Killed Jessica
  1987 | D:2      | Gained mutation: You have a small tail. [demonic ancestry]
  1987 | D:2      | Reached XP level 4. HP: 14/30 MP: 4/8
  2232 | D:2      | Learned a level 1 spell: Freeze
  2247 | D:2      | Learned a level 3 spell: Vampiric Draining
  2254 | D:2      | Learned a level 4 spell: Animate Dead
  2368 | D:3      | Noticed Terence
  2372 | D:3      | Killed Terence
  2381 | D:3      | Found a broken altar of Ashenzari.
  2681 | D:3      | Reached skill level 6 in Necromancy
  3030 | D:3      | Reached XP level 5. HP: 35/35 MP: 5/9
  3808 | D:3      | Noticed Sigmund
  3818 | D:3      | Killed Sigmund
  3819 | D:3      | Reached skill level 7 in Necromancy
  3819 | D:3      | Gained mutation: You are partially covered in thin metallic
                  | scales. (AC +2) [demonic ancestry]
  3819 | D:3      | Reached XP level 6. HP: 41/41 MP: 6/12
  4210 | D:3      | Identified the +0 leather armour of Zatyhaw {rF- rC+++
                  | Will- Regen+}
  4777 | D:4      | Reached XP level 7. HP: 43/46 MP: 10/13
  4817 | D:4      | Found a hide-covered altar of Uskayaw.
  5413 | D:4      | Noticed a steam dragon
  5414 | D:4      | Found a staircase to the Ecumenical Temple.
  5426 | D:4      | Killed from afar by a steam dragon

Illustrated notes

Levels and vault maps discovered:
D:1:      dpeg_arrival_pond, layout_loops_cross
D:2:      layout_rooms, basic_altar, minmay_crystal_water, serial_bayou_ford_a,
          nicolae_hexahallways, amcnicky_mini_pool_small, due_unseen_surprise,
          uniq_jessica
D:3:      minmay_goblin_kobold_castle, layout_basic,
          nicolae_overflow_crystal_walls, minmay_crystal_room, uniq_sigmund,
          uniq_terence
D:4:      layout_gridville, nicolae_uskayaw_murder_on_the_dancefloor,
          minmay_temple_entry_purple_smoke, minmay_ruined_shrine

Skill      XL: |  1  2  3  4  5 |
---------------+----------------+-----
Necromancy     | 5 6 7 |  7.9
Spellcasting   | 3 4 |  4.9
Stealth        | 2 |  2.2
Fighting       | |  0.1
Axes           | |  0.5
Armour         | |  0.4
Dodging        | |  1.9

Action                     |  1- 3 |  4- 6 |  7- 9 || total
---------------------------+-------+-------+-------++-------
  Melee: Hand axe          |     4 |    15 |     3 ||    22
         Tailslap          |       |     3 |       ||     3
   Cast: Necrotise         |    67 |   131 |    32 ||   230
         Vampiric Draining |       |     3 |     4 ||     7
         Animate Dead      |       |       |     3 ||     3
  Evoke: Wand              |       |     1 |       ||     1
    Use: Scroll            |     1 |       |       ||     1
 Armour: Robe              |     3 |    12 |       ||    15
         Leather armour    |       |     3 |     2 ||     5
  Dodge: Dodged            |     8 |    49 |    18 ||    75

Table legend: (Time is in decaauts)
 A = Elapsed time spent in this place.
 B = Non-inter-level travel time spent in this place.
 C = Inter-level travel time spent in this place.
 D = Time resting spent in this place.
 E = Time spent auto-exploring this place.
 F = Levels seen in this place.
 G = Mean time per level.
                   A        B        C        D        E       F      G
               +--------+--------+--------+--------+--------+-----+--------+
         Total |   5445 |   3562 |   1883 |    830 |   1674 |   4 | 1361.2 |
       Dungeon |   5445 |   3562 |   1883 |    830 |   1674 |   4 | 1361.2 |
               +--------+--------+--------+--------+--------+-----+--------+

Top non-repeatable levels by time:
     D:3: 2385 daAuts
     D:2: 1263 daAuts
     D:1: 1058 daAuts
     D:4: 737 daAuts
